 Dungeon Crawl Stone Soup version 0.24.0-1-gfbc8707122 (webtiles) character file.

Game seed: 8223604328229714685, levelgen mode: deterministic

116 Aronfury the Digger (level 4, -3/30 HPs)
             Began as a Vampire Earth Elementalist on Oct 26, 2019.
             Slain by an adder (4 damage)
             ... on level 3 of the Dungeon.
             The game lasted 00:15:05 (3157 turns).

Aronfury the Digger (Vampire Earth Elementalist)    Turns: 3157, Time: 00:15:05

Health: -3/30      AC:  7    Str:  7    XL:     4   Next: 69%
Magic:  6/8        EV:  8    Int: 18    God:
Gold:   69         SH:  0    Dex: 14    Spells: 8/9 levels left

rFire    . . .     SeeInvis +   d - +0 spear (curse)
rCold    . . .     Gourm    .   (no shield)
rNeg     . . .     Faith    .   a - +0 scale mail
rPois    .         Spirit   .   (no helmet)
rElec    .         Reflect  .   j - +0 cloak
rCorr    .         Harm     .   (no gloves)
MR       .....                  (no boots)
Stlth    +.........             h - amulet of the acrobat
HPRegen  0.30/turn              (no ring)
MPRegen  0.11/turn              (no ring)

@: very slightly contaminated, regenerating quickly
A: no food, fangs 3, see invisible, unbreathing
a: Exsanguinate


You were on level 3 of the Dungeon.
You were alive.

You visited 1 branch of the dungeon, and saw 3 of its levels.

You collected 69 gold pieces.

Inventory:

Hand Weapons
 d - a cursed +0 spear (weapon)
Missiles
 b - 66 stones (quivered)
Armour
 a - a +0 scale mail (worn)
 e - a +0 leather armour
 j - a +0 cloak (worn)
Jewellery
 h - an amulet of the acrobat (around neck)
Scrolls
 c - a scroll of enchant weapon
 g - a scroll of amnesia
 i - a scroll of fog
 k - a scroll of identify
 m - a scroll of enchant armour {unknown}
Potions
 f - 2 potions of haste {unknown}
 l - a potion of lignification {unknown}


   Skills:
 + Level 0.1 Fighting
 + Level 1.0 Polearms
 + Level 1.2 Armour
 + Level 2.6 Dodging
 + Level 3.2 Stealth
 + Level 3.0 Spellcasting
   Level 1.1 Transmutations
 + Level 3.9 Earth Magic


You had 8 spell levels left.
You knew the following spells:

 Your Spells              Type           Power        Failure   Level  Hunger
a - Sandblast             Erth           ###...       36%         1    N/A

Your spell library contained the following spells:

 Spells                   Type           Power        Failure   Level  Hunger
 Passwall                 Tmut/Erth      ##......     71%         2    N/A
 Stone Arrow              Conj/Erth      #.....       95%         3    N/A
 Petrify                  Tmut/Erth      ##......     100%        4    N/A
 Lee's Rapid Deconstruct  Erth           ###.......   100%        5    N/A

Dungeon Overview and Level Annotations

Branches:
Dungeon (3/15)

Altars:
Dithmenos


Innate Abilities, Weirdness & Mutations

You do not eat.
Your natural rate of healing is unusually fast.
You have razor-sharp teeth.
You have supernaturally acute eyesight. (SInv)
You can survive without breathing.


Message History

The gnoll is severely wounded.
The gnoll hits you but does no damage.
You hit the gnoll.
You kill the gnoll!
Your Spellcasting skill increases to level 3!
You hit the gnoll but do no damage.
The gnoll hits you but does no damage. x2
You hit the gnoll but do no damage. The gnoll hits you.
Casting: Sandblast (safe; 36% risk of failure)
Confirm with . or Enter, or press ? or * to list all spells.
You don't know that spell.
You hit the gnoll.
The gnoll is moderately wounded.
The adder bites you but does no damage. The gnoll hits you.
* * * LOW HITPOINT WARNING * * *
You hit the gnoll.
The gnoll is heavily wounded.
The adder bites you.
* * * LOW HITPOINT WARNING * * *
The adder bites you.
You die...

..........# ..........#
..........#######################
.....................#........##.
.....>...........<.....###....##.
.####..)......................##.
...##..#......(....########...##.
.......##.......gS##############.
.......##.......@.g..............
.......#########################.
....#### #. ...## #. ....# #.
....# ## ....# ...## ..##


You could see 2 gnolls and an adder.

Vanquished Creatures
  3 adders
  4 gnolls
  2 worms (D:2)
  2 dart slugs
  2 leopard geckos (D:2)
  5 bats
  2 giant cockroaches
  4 goblins
  3 hobgoblins
  2 jackals (D:1)
  A quokka (D:2)
  4 frilled lizards
  2 kobolds
  8 rats
44 creatures vanquished.

Notes
Turn   | Place    | Note
-------+----------+-------------------------------------------
     0 | D:1      | Aronfury the Vampire Earth Elementalist began the quest for
                  | the Orb.
     0 | D:1      | Reached XP level 1. HP: 13/13 MP: 3/3
   141 | D:1      | Reached XP level 2. HP: 19/19 MP: 3/5
   920 | D:2      | Found a shadowy altar of Dithmenos.
   985 | D:2      | Reached XP level 3. HP: 18/24 MP: 0/6
  1893 | D:2      | Reached XP level 4. HP: 22/30 MP: 4/8
  1914 | D:2      | Reached skill level 1 in Polearms
  1981 | D:2      | Reached skill level 1 in Armour
  3157 | D:3      | HP: 1/30 [adder (4)]
  3157 | D:3      | Slain by an adder

Levels and vault maps discovered:
D:1:      minmay_arrival_stone_box, layout_rooms
D:2:      layout_basic, lemuel_crystal_altar, first_ration
D:3:      wad_lake_hut, layout_rooms, nicolae_overflow_crystal_walls

Skill      XL: |  1  2  3  4 |
---------------+-------------+-----
Polearms       | 1 |  1.0
Armour         | 1 |  1.2
Spellcasting   | 3 |  3.0
Fighting       | |  0.1
Dodging        | |  2.6
Stealth        | |  3.2
Transmutations | |  1.1
Earth Magic    | |  3.9

Action                   |  1- 3 |  4- 6 || total
-------------------------+-------+-------++-------
Melee: Spear             |   125 |    53 ||   178
       Bite              |    10 |     3 ||    13
 Cast: Sandblast         |    22 |     8 ||    30
  Use: Scroll            |     2 |     2 ||     4
 Stab: Sleeping          |     2 |       ||     2
Armor: Robe              |     5 |       ||     5
       Scale mail        |    52 |    22 ||    74
       Leather armour    |     3 |       ||     3
Dodge: Dodged            |    96 |    27 ||   123
